 Dungeon Crawl Stone Soup version 0.31.0-11-ge490571c62 (webtiles) character file.

Game seed: 6610536046094023034

614 Curundu the Chopper (level 7, 0/61 HPs)
             Began as a Minotaur Berserker on Feb 1, 2024.
             Was a Believer of Trog.
             Succumbed to an orc priest's poison
             ... on level 4 of the Dungeon.
             The game lasted 00:09:32 (3050 turns).

Curundu the Chopper (Minotaur Berserker)            Turns: 3050, Time: 00:09:33

Health: 0/61       AC: 17    Str: 23    XL:     7   Next: 20%
Magic:  6/6        EV:  9    Int:  4    God:    Trog [**....]
Gold:   169        SH:  0    Dex: 10    Spells: 6/6 levels left

rFire   . . .        a - +0 hand axe
rCold   . . .        (no shield)
rNeg    . . .        i - +0 chain mail
rPois   .            (helmet restricted)
rElec   .            e - +0 cloak
rCorr   .            b - +1 pair of gloves {hurl}
SInv    .            (no boots)
Will    .....        (no amulet) Stlth
                     r - +4 ring of protection
HPRegen 0.30/turn    (no ring)
MPRegen 0.10/turn

%: no passive effects
@: lethally poisoned (0 -> -10), on berserk cooldown, slowed, very slow
A: horns 2, retaliatory headbutt
a: Renounce Religion, Berserk, Trog's Hand


You were on level 4 of the Dungeon.
You worshipped Trog.
Trog was pleased with you.
You visited 1 branch of the dungeon, and saw 4 of its levels.

You collected 169 gold pieces.

Inventory:

Hand Weapons
 a - a +0 hand axe (weapon)
Armour
 b - a +1 pair of gloves of hurling (worn)
 e - a +0 cloak (worn)
 i - a +0 chain mail (worn)
Jewellery
 r - a +4 ring of protection (left hand)
Scrolls
 c - 3 scrolls of vulnerability {unknown}
 d - a scroll of silence {unknown}
 f - a scroll of identify
 g - 2 scrolls of fear
Potions
 h - a potion of enlightenment {unknown}
 k - a potion of berserk rage {unknown}
 l - 2 potions of ambrosia
 m - a potion of haste {unknown}
 n - a potion of mutation {unknown}
 p - a potion of resistance {unknown}
 s - a potion of curing {unknown}
 t - a potion of lignification


   Skills:
 + Level 5.5 Fighting
 + Level 7.4 Axes
 + Level 4.9 Armour
 + Level 3.1 Dodging
 + Level 0.9 Stealth


You had 6 spell levels left.
You didn't know any spells.
Your spell library was empty.

Dungeon Overview and Level Annotations

Branches:
Dungeon (4/15)             Temple (0/1) D:4

Altars:

Shops:
D:1 [   D:2 *?[(   D:4 ?


Innate Abilities, Weirdness & Mutations

You have a pair of horns on your head.
You reflexively headbutt those who attack you in melee.


Message History

The orc priest is almost dead.
* * * LOW HITPOINT WARNING * * *
You feel very sick.
The orc priest hits you but does no damage.
You are lethally poisoned!
A red film seems to cover your vision as you go berserk!
You feel yourself moving faster!
You feel mighty!
* * * LOW HITPOINT WARNING * * *
You feel very sick.
The orc priest hits you with a +0 whip of venom.
* * * LOW HITPOINT WARNING * * *
You are more poisoned.
You hit the orc priest.
You kill the orc priest!
Trog accepts your kill.
* * * LOW HITPOINT WARNING * * *
You feel very sick.
* * * LOW HITPOINT WARNING * * *
You feel very sick.
Things that are here:
a +0 whip of venom; a +0 scale mail; an orc corpse You feel a strong urge to attack something.
* * * LOW HITPOINT WARNING * * *
You feel very sick.
You see here a +0 leather armour.
* * * LOW HITPOINT WARNING * * *
You feel sick.
Things that are here:
a +0 whip of venom; a +0 scale mail; an orc corpse
There is a lethal amount of poison in your body!
There is a lethal amount of poison in your body!
There is a lethal amount of poison in your body!
You are too berserk!
You feel your anger nearly subside.
* * * LOW HITPOINT WARNING * * *
You feel sick.
You are no longer berserk.
You are exhausted.
You feel yourself slow down.
You die...

...).......#..#..........#,.#**
...)†....####............#..#
..........##.......##..#....#
.......##....#...####....####
.......#...#.##..# #....##
............########'####
........#...#........#
.......##..##.#)####.#
.....#.....##,#.@[.#.#
.....#..##.##,#)##.#.#
.......##...#,#.#*.#.#
##.##..#...##,#..,.#.#
######.....##,###*+#.# #
##.....#,,,,,,..# #
##....#+******** #....#,<,,*
#...##*,,**


There were no monsters in sight!

Vanquished Creatures
  Sigmund (D:2)
  An ice beast (D:4)
  A black bear (D:4)
  An orc priest (D:4)
  2 hounds (D:4)
  Terence (D:2)
  8 adders
  2 dart slugs (D:4)
  4 ribbon worms
  3 orcs (D:4)
  3 bats
  13 endoplasms
  A giant cockroach (D:4)
  5 hobgoblins
  4 jackals (D:4)
  4 quokkas
  7 ball pythons
  2 frilled lizards
  5 goblins
  3 kobolds
  4 rats
75 creatures vanquished.

Notes
Turn   | Place    | Note
-------+----------+-------------------------------------------
     0 | D:1      | Curundu the Minotaur Berserker began the quest for the Orb.
     0 | D:1      | Reached XP level 1. HP: 19/19 MP: 0/0
   334 | D:1      | Reached XP level 2. HP: 27/27 MP: 1/1
   338 | D:1      | Reached skill level 4 in Axes
   408 | D:1      | Found Cuonaat's Armour Shop.
   678 | D:2      | Reached XP level 3. HP: 33/33 MP: 2/2
   712 | D:2      | Noticed Terence
   720 | D:2      | Killed Terence
   906 | D:2      | Found Somu's Magic Scroll Boutique.
   992 | D:2      | Reached XP level 4. HP: 28/41 MP: 3/3
  1152 | D:2      | Found Xyh Xaed's Antique Weapon Shoppe.
  1193 | D:2      | Found Usyreck's Antique Armour Emporium.
  1299 | D:2      | Found Bourruqu's Assorted Antiques.
  1310 | D:2      | Noticed Sigmund
  1320 | D:2      | Killed Sigmund
  1321 | D:2      | Reached skill level 5 in Fighting
  1321 | D:2      | Reached skill level 6 in Axes
  1321 | D:2      | Reached XP level 5. HP: 39/48 MP: 4/4
  1958 | D:3      | Reached ** piety under Trog
  2014 | D:3      | Reached XP level 6. HP: 56/56 MP: 5/5
  2731 | D:4      | Noticed an ice beast
  2737 | D:4      | Killed an ice beast
  2738 | D:4      | Reached skill level 7 in Axes
  2738 | D:4      | Reached XP level 7. HP: 61/61 MP: 6/6
  2801 | D:4      | Found Bavax's Magic Scroll Boutique.
  2894 | D:4      | Found a staircase to the Ecumenical Temple.
  3047 | D:4      | HP: 4/91 [poisoned by an orc priest]
  3049 | D:4      | HP: 1/91 [poisoned by an orc priest]
  3050 | D:4      | Succumbed to an orc priest's poison

Illustrated notes

Levels and vault maps discovered:
D:1:      spicycebolla_arrival_ecumenical, layout_loops_ring, serial_shops,
          nicolae_shop_temple_entry_statues_fountains
D:2:      layout_basic, serial_shops, nicolae_shop_real_fake_doors,
          nicolae_diamond_shop, shop, nicolae_shop_tiny_statue_garden,
          minmay_misc_feat_room, kennysheep_generic_room_4, uniq_sigmund,
          uniq_terence
D:3:      layout_basic
D:4:      layout_cave_pools, minmay_temple_entry_steel_oval, serial_shops,
          nicolae_shop_behind_doors, serial_library_hellmonk_layered_room

Skill      XL: |  1  2  3  4  5  6 |
---------------+-------------------+-----
Axes           | 4 6 7 |  7.4
Fighting       | 4 5 |  5.5
Armour         | 3 4 |  4.9
Dodging        | 3 |  3.1
Stealth        | |  0.9

Action                     |  1- 3 |  4- 6 |  7- 9 || total
---------------------------+-------+-------+-------++-------
  Melee: Hand axe          |    31 |   116 |    20 ||   167
         Headbutt          |     7 |    21 |     1 ||    29
         Punch             |       |     2 |       ||     2
 Invoke: Berserk           |     1 |       |     1 ||     2
    Use: Scroll            |       |     9 |       ||     9
   Stab: Sleeping          |     1 |       |       ||     1
 Armour: Animal skin       |    11 |       |       ||    11
         Chain mail        |     1 |   110 |    13 ||   124
  Dodge: Dodged            |    18 |    58 |     5 ||    81
